 Dungeon Crawl Stone Soup version 0.31.0-4-g52a2dc7128 (webtiles) character file.

Game seed: 13966660121553104467

663 BeingJoeMalik the Basher (level 7, -2/41 HPs)
             Began as a Gargoyle Monk on Jan 21, 2024.
             Slain by Edmund
             ... wielding a +0 flail of holy wrath
              (5 damage)
             ... on level 3 of the Dungeon.
             The game lasted 00:07:42 (3421 turns).

BeingJoeMalik the Basher (Gargoyle Monk)            Turns: 3421, Time: 00:07:42

Health: -2/41      AC:  7    Str: 15    XL:     7   Next: 56%
Magic:  6/7        EV: 12    Int: 10    God:
Gold:   235        SH:  0    Dex: 14    Spells: 5/6 levels left

rFire   . . .        a - +0 mace
rCold   . . .        d - orb {light}
rNeg    + . .        b - +1 robe
rPois   ∞            (no helmet)
rElec   +            (no cloak)
rCorr   .            (no gloves)
SInv    .            (no boots)
Will    +....        h - amulet of the acrobat
Stlth   +            k - ring of willpower
HPRegen 0.26/turn    (no ring)
MPRegen 0.10/turn

%: acrobat
@: about to teleport, very slightly contaminated, glowing, invisible (but
backlit and visible)
A: sickness immunity, AC +4, negative energy resistance 1, electricity
resistance, torment resistance 1, petrification resistance
a: no special abilities


You were on level 3 of the Dungeon.
You visited 1 branch of the dungeon, and saw 6 of its levels.

You collected 235 gold pieces.

Inventory:

Hand Weapons
 a - a +0 mace (weapon)
Armour
 b - a +1 robe (worn)
 d - an orb of light (worn)
Jewellery
 h - an amulet of the acrobat (around neck)
 k - a ring of willpower (left hand)
 p - the ring of Knowledge {Ice Int+4}
   (You found it on level 3 of the Dungeon)

   [ring of ice]

   Ice:       It enhances your ice magic.
   Int+4:     It affects your intelligence (+4).
   rF-:       It makes you vulnerable to fire.
   rC+:       It protects you from cold.
Scrolls
 m - a scroll of immolation
Potions
 c - a potion of ambrosia
 e - a potion of mutation {unknown}
 f - a potion of invisibility
 g - a potion of attraction {unknown}
 i - a potion of resistance {unknown}
 l - a potion of degeneration {unknown}


   Skills:
 - Level 3.2 Fighting
 + Level 8.6 Maces & Flails
 - Level 2.4 Dodging


You had 5 spell levels left.
You knew the following spells:

 Your Spells              Type           Power      Damage    Failure   Level
a - Summon Small Mammal   Summ           0%         N/A       36%         1

Your spell library contained the following spells:

 Spells                   Type           Power      Damage    Failure   Level
 Call Canine Familiar     Summ           0%         N/A       75%         3
 Summon Blazeheart Golem  Fire/Summ      0%         N/A       98%         4


Dungeon Overview and Level Annotations

Branches:
Dungeon (6/15)
 Temple: D:4-7

Altars:

Annotations:
D:3 Edmund


Innate Abilities, Weirdness & Mutations

You are immune to sickness and miasma.
Your stone body is resilient. (AC +4)
You are immune to poison.
You resist negative energy. (rN+)
You are resistant to electric shocks. (rElec)
You are resistant to unholy torment.
You are immune to petrification.


Message History

You barely miss Edmund.
Edmund is heavily wounded.
Your bat hits Edmund but does no damage.
Your bat barely misses Edmund.
Your bat closely misses Edmund.
Edmund hits you with a +0 flail of holy wrath.
You hit Edmund but do no damage.
Edmund is heavily wounded.
Your bat hits Edmund but does no damage.
Edmund hits you with a +0 flail of holy wrath.
You hit Edmund but do no damage.
Edmund is heavily wounded.
Your bat closely misses Edmund.
You hit Edmund.
Edmund is heavily wounded.
Your bat barely misses Edmund.
Edmund hits you with a +0 flail of holy wrath.
You hit Edmund but do no damage.
Edmund is heavily wounded.
Your bat barely misses Edmund.
Your bat hits Edmund but does no damage.
Edmund hits you with a +0 flail of holy wrath!
* * * LOW HITPOINT WARNING * * *
You hit Edmund.
Edmund is severely wounded.
Your bat closely misses Edmund.
Your bat hits Edmund but does no damage.
Edmund hits you with a +0 flail of holy wrath!
* * * LOW HITPOINT WARNING * * *
Your bat hits Edmund but does no damage.
Okay, then.
Your bat hits Edmund but does no damage. x2
Edmund misses your bat.
Your bat hits Edmund.
You climb upwards.
Your summoned ally is left behind.
There is a stone staircase leading down here.
Unknown command.
As you read the scroll of teleportation, it crumbles to dust.
You feel strangely unstable.
Edmund hits you with a +0 flail of holy wrath.
You die...
Edmund says, "I'd like to see a scythe do that!"

#.#.......# ##...## #.#.......#
##.## ..#.....<.# #..#
###.....).# ##.# ###.......# #.#
.##.......# #.# .#####.###### #.#
.#####......# #.# )...#######.#
#@### .##.# ####.# #@#.######
.##.####....####........########
.........#...........##........##
###.#......####.......#..#####...
....##.##......#............##.##
######.##.####.#.....##..##.##.##
# #.##.####.#...#.##..##...... #
##.##.##...............†...##


You could see Edmund.

Vanquished Creatures
  An ogre (D:3)
  4 scorpions
  A bombardier beetle (D:5)
  3 hounds
  A jelly (D:5)
  2 iguanas (D:5)
  An orc wizard (D:3)
  3 adders (D:3)
  A dart slug (D:3)
  A ribbon worm (D:3)
  7 orcs
  5 endoplasms
  2 giant cockroaches
  4 goblins
  A hobgoblin (D:1)
  4 jackals (D:1)
  2 quokkas (D:3)
  5 ball pythons
  7 bats
  2 frilled lizards
  3 kobolds
  7 rats
67 creatures vanquished.

Vanquished Creatures (collateral kills)
  Jessica (D:3)
1 creature vanquished.

Grand Total: 68 creatures vanquished

Notes
Turn   | Place    | Note
-------+----------+-------------------------------------------
     0 | D:1      | BeingJoeMalik the Gargoyle Monk began the quest for the
                  | Orb.
     0 | D:1      | Reached XP level 1. HP: 14/14 MP: 1/1
   173 | D:1      | Reached XP level 2. HP: 14/19 MP: 2/2
   771 | D:1      | Reached skill level 4 in Maces & Flails
  1001 | D:2      | Reached XP level 3. HP: 23/23 MP: 3/3
  1084 | D:2      | Learned a level 1 spell: Summon Small Mammal
  1528 | D:3      | Noticed a scorpion
  1539 | D:3      | Killed a scorpion
  1540 | D:3      | Reached skill level 5 in Maces & Flails
  1540 | D:3      | Reached XP level 4. HP: 15/28 MP: 4/4
  1641 | D:3      | Noticed Jessica
  1650 | D:3      | Killed Jessica
  1651 | D:3      | Reached XP level 5. HP: 32/32 MP: 3/5
  1697 | D:3      | Reached skill level 6 in Maces & Flails
  1870 | D:3      | Identified the ring of Knowledge {Ice Int+4}
  1987 | D:3      | You fall into a shaft and drop 3 floors!
  2005 | D:6      | Reached XP level 6. HP: 31/37 MP: 6/6
  2012 | D:5      | Entered Level 5 of the Dungeon
  2081 | D:6      | Reached skill level 7 in Maces & Flails
  2417 | D:5      | Reached XP level 7. HP: 17/41 MP: 7/7
  2646 | D:5      | Reached skill level 8 in Maces & Flails
  3383 | D:4      | Noticed Edmund
  3421 | D:3      | Slain by Edmund

Illustrated notes

Levels and vault maps discovered:
D:1:      nzn_arrival_water_spiral, layout_loops_ring, minmay_misc_feat_cross,
          nicolae_hexahallways, columned_hall_lemuel
D:2:      layout_rooms
D:3:      kennysheep_big_flooded_room, layout_loops_cross, uniq_jessica
D:4:      layout_rooms, elyvilon_altar_1, mainiacjoe_overflow_small_starburst,
          nicolae_hepliaklqana_ecumenical_no_more, uniq_edmund
D:5:      layout_cave_pools, minmay_temple_entry_butterflies
D:6:      minmay_razor_zed, layout_loops_cross,
          lightli_ossuary_entry_decrepit_ruins

Skill      XL: |  1  2  3  4  5  6  7 |
---------------+----------------------+-----
Maces & Flails | 4 5 6 7 8 |  8.6
Fighting       | |  3.2
Dodging        | |  2.4

Action                     |  1- 3 |  4- 6 |  7- 9 || total
---------------------------+-------+-------+-------++-------
  Melee: Mace              |    94 |   104 |    66 ||   264
   Cast: Summon Small Mamm |     3 |     1 |     7 ||    11
    Use: Scroll            |       |     6 |     1 ||     7
         Potion            |       |     2 |     1 ||     3
   Stab: Distracted        |       |     1 |       ||     1
 Armour: Robe              |    55 |    54 |    33 ||   142
  Dodge: Dodged            |    74 |    57 |    34 ||   165
